 Dungeon Crawl Stone Soup version 0.29.1-1-gd02db6906a (webtiles) character file.

Game seed: 5854683334102963369

93 GigaChad the Magician (level 4, 0/24 HPs)
             Began as a Deep Elf Conjurer on Sept 19, 2022.
             Slain by a goblin
             ... wielding a +0 club
              (1 damage)
             ... on level 3 of the Dungeon.
             The game lasted 00:06:15 (1944 turns).

GigaChad the Magician (Deep Elf Conjurer)           Turns: 1944, Time: 00:06:15

Health: 0/24       AC:  2    Str:  4    XL:     4   Next: 37%
Magic:  7/13       EV: 12    Int: 25    God:
Gold:   138        SH:  0    Dex: 13    Spells: 8/14 levels left

rFire   . . .      SeeInvis .   k - +0 spear
rCold   . . .      Faith    .   (no shield)
rNeg    . . .      Spirit   .   a - +0 robe
rPois   .          Reflect  .   (no helmet)
rElec   .          Harm     .   (no cloak)
rCorr   .          Rampage  .   (no gloves)
Will    +....                   (no boots)
Stlth   ++........              l - amulet of regeneration
HPRegen 0.88/turn               g - ring of willpower
MPRegen 0.13/turn               i - ring of wizardry

@: no status effects
A: no striking features
a: no special abilities


You were on level 3 of the Dungeon.
You visited 1 branch of the dungeon, and saw 3 of its levels.

You collected 138 gold pieces.

Inventory:

Hand Weapons
 k - a +0 spear (weapon)
Missiles
 d - a throwing net
Armour
 a - a +0 robe (worn)
Jewellery
 g - a ring of willpower (left hand)
 i - a ring of wizardry (right hand)
 l - an amulet of regeneration (around neck)
Scrolls
 e - 2 scrolls of identify {unknown}
 f - a scroll of enchant armour {unknown}
 n - a scroll of fear {unknown}
 o - a scroll of noise {unknown}
Potions
 b - a potion of magic
 c - a potion of attraction {unknown}
 h - 3 potions of haste {unknown}
 j - a potion of berserk rage {unknown}
 m - a potion of curing {unknown}


   Skills:
 - Level 2.5 Dodging
 - Level 2.4 Stealth
 + Level 5.8 Spellcasting
 - Level 4.8 Conjurations


You had 8 spell levels left.
You knew the following spells:

 Your Spells              Type           Power      Damage    Failure   Level
a - Magic Dart            Conj           100%       1d8       1%          1
b - Searing Ray           Conj           62%        2d6       1%          2
c - Dazzling Flash        Conj/Hex       38%        N/A       3%          3

Your spell library contained the following spells:

 Spells                   Type           Power      Damage    Failure   Level
 Fulminant Prism          Conj/Hex       9%         3d7       12%         4
 Iskenderun's Mystic Bla  Conj/Tloc      19%        2d6       12%         4


Dungeon Overview and Level Annotations

Branches:
Dungeon (3/15)

Altars:

Shops:
D:1 (!*((


Message History

The magic dart hits the orc.
You kill the orc!
The bat hits you but does no damage.
A quokka comes into view.
The magic dart hits the orc.
The orc is moderately wounded.
The orc hits you with a +0 club. The orc misses you. Something hits you.
The magic dart hits the orc.
The orc is heavily wounded.
Something hits you but does no damage. The orc hits you with a +0 club.
A goblin comes into view. It is wielding a +0 club.
The orc misses you.
The magic dart hits the orc but does no damage.
The orc is heavily wounded.
The orc closely misses you.
You hear some strange, mumbled words.
A magic dart appears from out of thin air!
The magic dart hits you. The orc misses you.
You are too injured to fight recklessly!
You are too injured to fight recklessly!
You are too injured to fight recklessly!
You miss something. Something hits you. The goblin hits you with a +0 club.
The orc barely misses you. The orc hits you with a +0 club.
You miss something. The orc barely misses you. The orc closely misses you.
Something hits you but does no damage. The goblin barely misses you.
You hit something but do no damage. The orc closely misses you.
You hear some strange, mumbled words.
A puff of flame appears from out of thin air!
The puff of flame misses you. The goblin hits you but does no damage.
The orc hits you with a +0 club.
You closely miss something. The orc completely misses you.
Something hits you but does no damage. The goblin hits you with a +0 club.
The orc hits you with a +0 club.
* * * LOW HITPOINT WARNING * * *
You miss something. The orc hits you with a +0 club.
* * * LOW HITPOINT WARNING * * *
The orc hits you with a +0 short sword.
* * * LOW HITPOINT WARNING * * *
Something hits you but does no damage. The goblin hits you with a +0 club.
You die...

.#.. ....
..... #
#:.... #.
#.._... #.#
r......
#.g#o......
#@{S.#
##o#.# #b#
... ...
..... ....
....


You could see 2 orcs, a quokka, a goblin, a bat and a ball python.

Vanquished Creatures
  3 gnolls (D:2)
  An adder (D:2)
  2 orcs (D:3)
  3 endoplasms
  4 giant cockroaches
  7 goblins
  4 hobgoblins
  6 jackals (D:2)
  5 kobolds
  A quokka (D:1)
  5 bats
  2 frilled lizards (D:1)
  6 rats
49 creatures vanquished.

Notes
Turn   | Place    | Note
-------+----------+-------------------------------------------
     0 | D:1      | GigaChad the Deep Elf Conjurer began the quest for the Orb.
     0 | D:1      | Reached XP level 1. HP: 10/10 MP: 6/6
   108 | D:1      | Found Xunuxt's Antique Weapon Boutique.
   208 | D:1      | Reached XP level 2. HP: 15/15 MP: 6/8
   464 | D:1      | Found Wohithu's Weapon Boutique.
   474 | D:1      | Found Heqimeludi's Distillery.
   511 | D:1      | Reached skill level 4 in Spellcasting
   588 | D:1      | Found Gufyus's Weapon Boutique.
   604 | D:1      | Found Dyedet's Assorted Antiques.
  1025 | D:2      | Reached XP level 3. HP: 19/19 MP: 8/10
  1048 | D:2      | Learned a level 2 spell: Searing Ray
  1053 | D:2      | Learned a level 3 spell: Dazzling Flash
  1199 | D:2      | Reached skill level 5 in Spellcasting
  1326 | D:2      | Reached XP level 4. HP: 12/24 MP: 11/13
  1932 | D:3      | Found a faded altar of an unknown god.
  1944 | D:3      | HP: 1/24 [orc/+0 short sword (4)]
  1944 | D:3      | Slain by a goblin

Illustrated notes

Levels and vault maps discovered:
D:1:      dpeg_chamrin_arrival_tetris, layout_basic, serial_shops,
          nicolae_diamond_shop, nicolae_shop_hallway_stairs, shop,
          nicolae_shop_hallway_stairs, nicolae_square_shop,
          hangedman_glass_teeth, minmay_pentomino_z4
D:2:      layout_rooms
D:3:      layout_loops_cross, serial_shops, nicolae_shop_bloodbath_and_beyond,
          serial_glass, glass_columns_a, glass_columns_a,
          hellmonk_ecumenical_altar_blasted, uniq_natasha, uniq_ijyb

Skill      XL: |  1  2  3 |
---------------+----------+-----
Spellcasting   | 4 5 |  5.8
Dodging        | |  2.5
Stealth        | |  2.4
Conjurations   | |  4.8

Action                   |  1- 3 |  4- 6 || total
-------------------------+-------+-------++-------
Melee: Unarmed           |    11 |       ||    11
       Spear             |       |     5 ||     5
 Cast: Magic Dart        |    57 |    24 ||    81
 Stab: Sleeping          |     1 |       ||     1
Armor: Robe              |     3 |     7 ||    10
Dodge: Dodged            |    16 |    14 ||    30
